 Dungeon Crawl Stone Soup version 0.29-a0-885-gb26ba3297d (webtiles) character file.

Game seed: 12244677059143031302

67 trckry the Sneak (level 3, -4/17 HPs)
             Began as a Felid Delver on July 21, 2022.
             Slain by Terence
             ... wielding a +0 flail
              (9 damage)
             ... on level 2 of the Dungeon.
             The game lasted 00:09:02 (1926 turns).

trckry the Sneak (Felid Delver)                     Turns: 1926, Time: 00:09:02

Health: -4/17      AC:  1    Str: 10    XL:     3   Next: 98%
Magic:  6/6        EV: 18    Int: 11    God:
Gold:   124        SH:  0    Dex: 17    Spells: 5/5 levels left
                                        Lives:  0   Deaths: 1

rFire   . . .      SeeInvis +     - Unarmed
rCold   . . .      Faith    .   (shield unavailable)
rNeg    . . .      Spirit   .   (body armour unavailable)
rPois   .          Reflect  .   (helmet unavailable)
rElec   .          Harm     .   (cloak unavailable)
rCorr   .          Rampage  .   (gloves unavailable)
Will    .....                   (boots unavailable)
Stlth   ++++......              (no amulet)
HPRegen 0.05/turn               (no ring)
MPRegen 0.10/turn               (no ring)

@: attractive, quick
A: very small, claws 1, fangs 3, see invisible, speed 1, shaggy fur 1, stealthy
paws, no weapons or thrown items, no armour, multi-lived
a: no special abilities


You were on level 2 of the Dungeon.
You visited 1 branch of the dungeon, and saw 5 of its levels.

You collected 124 gold pieces.

Inventory:

Wands
 e - a wand of digging (9)
Scrolls
 a - a scroll of fog
 f - a scroll of teleportation {unknown}
 g - 5 scrolls of identify {unknown}
 h - a scroll of enchant armour {unknown}
 i - a scroll of blinking {unknown}
 k - a scroll of butterflies {unknown}
 l - a scroll of amnesia {unknown}
Potions
 b - a potion of heal wounds
 c - a potion of attraction
 d - 2 potions of haste
 j - a potion of curing {unknown}


   Skills:
 + Level 3.4 Fighting
 + Level 3.7 Dodging
 + Level 7.2 Stealth
 * Level 3.3 Unarmed Combat
 + Level 1.5 Spellcasting


You had 5 spell levels left.
You didn't know any spells.
Your spell library contained the following spells:

 Spells                   Type           Power      Damage    Failure   Level
 Ignite Poison            Fire/Tmut/Pois 0%         N/A       67%         3
 Mephitic Cloud           Conj/Pois/Air  0%         N/A       67%         3
 Freezing Cloud           Conj/Ice/Air   0%         6-21      100%        5


Dungeon Overview and Level Annotations

Branches:
Dungeon (5/15) Zot: 26935
 Temple: D:4-7

Altars:
Yredelemnul

Annotations:
D:2 Natasha, Terence
D:5 1 runed translucent door, exclusion: door, Crazy Yiuf


Innate Abilities, Weirdness & Mutations

You have sharp claws.
You have razor-sharp teeth.
You have supernaturally acute eyesight. (SInv)
You cover ground quickly. (Speed+)
You are covered in fur. (AC +1)
Your paws help you pounce on unaware monsters.
You are incapable of wielding weapons or throwing items.
You cannot wear armour.
You gain extra lives every three experience levels.


Message History

You take 3 damage, and have 14/17 hp.
The ball python hisses angrily.
You scratch the kobold.
The kobold is moderately wounded.
The kobold barely misses you.
You scratch the kobold.
You kill the kobold!
Terence screams, "I want your blood!" Terence hits you with a +0 flail.
You take 5 damage, and have 9/17 hp.
MASSIVE DAMAGE!!
It was a potion of attraction.
You feel attractive to monsters.
The ball python is attracted toward you.
It was a potion of heal wounds.
You feel much better. Terence misses you.
Health restored: 17 You scratch Terence but do no damage.
You bite Terence, but do no damage. Terence barely misses you.
You scratch Terence but do no damage. Terence misses you.
You barely miss Terence. Terence misses you.
You scratch Terence.
Terence is moderately wounded.
Terence hits you with a +0 flail.
You take 5 damage, and have 12/17 hp.
MASSIVE DAMAGE!!
You scratch Terence but do no damage.
Terence is moderately wounded.
Terence barely misses you. Natasha is attracted toward you.
Natasha hisses angrily.
You scratch Terence but do no damage.
Terence is moderately wounded.
Terence completely misses you.
You scratch Terence but do no damage.
Terence is moderately wounded.
Terence hits you with a +0 flail!
* * * LOW HITPOINT WARNING * * *
You take 7 damage, and have 5/17 hp.
MASSIVE DAMAGE!!
You closely miss Terence. Your bite misses Terence.
Terence is moderately wounded.
Terence hits you with a +0 flail!
Ouch! That really hurt!
You die...

#...)#.........#
#.#####.##.#
#....#.....#####
#.# #.##.#
#..#..##.###.#
#.# #.##.#
##.###...# #.#
#.# #.##.## #.
....## #.#
######.# #......
## #...# #.#
#......# ###..##
#..## #.#
#.###### #..#
..## #.# #.#
#..# #@# #..# #
#@# #..# #.###S#
#... #....h#
#.## #.).....#
...........#
#....#.#...#
#......##ยง##
!#.. #####..# ..
....


You could see Terence, Natasha and a ball python.

Vanquished Creatures
  A jelly (D:4)
  Natasha (D:2)
  An adder (D:3)
  A white imp (D:5)
  4 dart slugs
  An orc (D:5)
  3 bats
  5 giant cockroaches
  9 goblins
  8 hobgoblins
  2 jackals (D:1)
  5 kobolds
  2 quokkas
  3 ball pythons
  2 frilled lizards
  4 rats
52 creatures vanquished.

Notes
Turn   | Place    | Note
-------+----------+-------------------------------------------
     0 | D:5      | trckry the Felid Delver began the quest for the Orb.
     0 | D:5      | Reached XP level 1. HP: 10/10 MP: 2/2
    13 | D:5      | Noticed an ogre
    44 | D:5      | Noticed an ogre
   156 | D:5      | Noticed an orc priest
   183 | D:5      | Found a runed translucent door.
   184 | D:5      | Noticed Crazy Yiuf
   246 | D:5      | Noticed a jelly
   290 | D:5      | Reached XP level 2. HP: 14/14 MP: 3/3
   305 | D:4      | Noticed a scorpion
   341 | D:4      | Noticed a howler monkey
   341 | D:4      | Found a basalt altar of Yredelemnul.
   367 | D:4      | Reached XP level 3. HP: 15/17 MP: 3/5
   377 | D:3      | Reached skill level 7 in Stealth
   458 | D:3      | Reached skill level 1 in Spellcasting
   480 | D:3      | Reached XP level 4. HP: 21/21 MP: 6/6
  1091 | D:1      | Found a faded altar of an unknown god.
  1727 | D:2      | Noticed Natasha
  1737 | D:2      | Killed Natasha
  1830 | D:2      | Noticed Natasha
  1845 | D:2      | HP: 2/21 [Natasha (8)]
  1848 | D:2      | Killed from afar by Natasha
  1849 | D:2      | Reached XP level 3. HP: -5/17 MP: 6/6
  1906 | D:2      | Noticed Terence
  1926 | D:2      | Slain by Terence

Illustrated notes

Levels and vault maps discovered:
D:1:      shiori_arrival_elements, layout_loops_ring, serial_glass,
          glass_columns_c, glass_columns_a,
          shapermc_ecumenical_altar_flowoftime, dk_noncrumbling_4,
          skrybe_limestone_x, serial_bayou_lagoon_a, nrook_campfire
D:2:      layout_loops_ring, minmay_tetromino_l4, uniq_natasha, uniq_terence
D:3:      layout_loops_ring, fedhas_altar_fruit_tree,
          ashenzari_conservatory_becter, minmay_strange_pillars,
          amethyst_killhole, minmay_goblin_outpost, uniq_robin
D:4:      layout_rooms, overflow_temple_1_default, serial_park_tiny_2,
          grunt_ministairs_1, grunt_decor_resistance
D:5:      layout_rooms, led_sif_book, uniq_crazy_yiuf_cottage, uniq_menkaure

Skill      XL: |  1  2  3 |
---------------+----------+-----
Dodging        | 3 |  3.7
Stealth        | 7 |  7.2
Spellcasting   | 1 |  1.5
Unarmed Combat | 3 |  3.3
Fighting       | |  3.4

Action                   |  1- 3 |  4- 6 || total
-------------------------+-------+-------++-------
Melee: Unarmed           |    44 |    73 ||   117
       Bite              |     5 |     3 ||     8
       Punch             |       |     2 ||     2
  Use: Scroll            |     2 |       ||     2
       Potion            |     2 |       ||     2
 Stab: Sleeping          |     7 |    17 ||    24
       Fleeing           |     2 |       ||     2
Armor: Skin              |     2 |       ||     2
Dodge: Dodged            |    30 |    44 ||    74

Table legend: (Time is in decaauts)
 A = Elapsed time spent in this place.
 B = Non-inter-level travel time spent in this place.
 C = Inter-level travel time spent in this place.
 D = Time resting spent in this place.
 E = Time spent auto-exploring this place.
 F = Levels seen in this place.
 G = Mean time per level.
                   A        B        C        D        E       F      G
               +--------+--------+--------+--------+--------+-----+--------+
         Total |   1636 |   1607 |     29 |     91 |    952 |   5 |  327.2 |
       Dungeon |   1636 |   1607 |     29 |     91 |    952 |   5 |  327.2 |
               +--------+--------+--------+--------+--------+-----+--------+

Top non-repeatable levels by time:
     D:1: 841 daAuts
     D:2: 374 daAuts
     D:5: 284 daAuts
     D:3: 110 daAuts
     D:4: 25 daAuts
